AoeStats
← 随之任之

Arabia

511015730Analyzed
4v4 RM · 8h ago on Oct 3, 2026· 18m 24s· 8 players
Game mode
Random Map
Map size
Large (8 player)
Population
200
Speed
Normal
Resources
Standard
Victory
Conquest
Starting age
Dark Age
Ending age
Imperial Age
RankedLock teamsTeams togetherTeam positionsShared explorationLock speedFull tech treeHidden civsTurbo modeCheats
Victory
Defeat
🇨🇳 Vietnamese · China
1478
+13
🇨🇳 Magyars · China
1442
+14
🇨🇳 Varangians · China
1439
+14
🇯🇵 Ethiopians · Japan
1429
+14
🇨🇳 Ethiopians · China
1452
-16
🇧🇩 Lithuanians · Bangladesh
1416
-14
🇪🇸 Chinese · Spain
1380
-13
CumansCumin
5:43 Loom
9:05 Feudal Age
9:47 Double-Bit Axe
9:45 Horse Collar
wilkerbrice12
0:28 Loom
10:38 Feudal Age
14:34 Fletching
臣等正欲死战,陛下何故先降耶?
7:59 Loom
10:10 Feudal Age
11:02 Double-Bit Axe
11:46 Horse Collar
16:45 Bloodlines
_TY_梦涯
5:15 Loom
8:40 Feudal Age
9:37 Double-Bit Axe
12:21 Fletching
桐原冬子
5:39 Loom
11:01 Feudal Age
12:07 Double-Bit Axe
14:12 Fletching
14:50 Padded Archer Armor
18:33 Town Watch
18:43 Horse Collar
随之任之
6:05 Loom
9:10 Feudal Age
9:52 Double-Bit Axe
12:11 Fletching
15:06 Wheelbarrow
17:43 Padded Archer Armor
李清然
5:41 Loom
9:16 Feudal Age
10:17 Double-Bit Axe
13:11 Scale Barding Armor
15:06 Bloodlines
15:50 Forging
16:22 Horse Collar
Cusi Yupanqui
9:11 Feudal Age
7:41 Loom
9:46 Double-Bit Axe
11:49 Horse Collar
12:37 Bloodlines
15:44 Scale Barding Armor
17:54 Wheelbarrow
Connection lost

Rejoining the realm…

Still unreachable

The connection could not be restored.

Session expired

The server has moved on; the page needs a fresh start.